 Dungeon Crawl Stone Soup version 0.31-a0-157-g0643eb4156 (webtiles) character file.

Game seed: 10236796114927099528

13109 qw the Cleaver (level 12, -15/76 HPs)
             Began as a Gargoyle Fighter on June 12, 2023.
             Was an Elder of Okawaru.
             Demolished by a large abomination (25 damage)
             ... on level 2 of the Abyss.
             The game lasted 00:05:44 (9482 turns).

qw the Cleaver (Gargoyle Fighter)                   Turns: 9482, Time: 00:05:44

Health: -15/76     AC: 33    Str: 20    XL:     12   Next: 2%
Magic:  16/16      EV: 14    Int: 10    God:    Okawaru [****..]
Gold:   326        SH: 12    Dex:  9    Spells: 11/11 levels left

rFire   + . .        Y - +2 war axe
rCold   . . .        w - +0 kite shield
rNeg    + . .        m - +2 chain mail {Will+}
rPois   inf          a - +0 helmet
rElec   +            r - scarf {repulsion}
rCorr   .            i - +0 pair of gloves
SInv    .            t - +2 pair of boots of the Kraken {rF+ Will+ Stlth+}
Will    ++...        (no amulet)
Stlth   +            g - +5 ring of evasion
HPRegen 0.00/turn    h - +4 ring of protection
MPRegen 0.15/turn

%: repel missiles
@: about to teleport, heroic, inhibited regen
A: sickness immunity, AC +8, negative energy resistance 1, electricity
resistance, torment resistance 1, petrification resistance, [inhibited
regeneration], [weak 2], [no potion heal 2]
a: Renounce Religion, Heroism, Finesse


You were on level 2 of the Abyss.
You worshipped Okawaru.
Okawaru was greatly pleased with you.
You visited 1 branch of the dungeon, and saw 10 of its levels.
You visited the Abyss 1 time.
You also visited: Ossuary.

You collected 562 gold pieces.
You spent 236 gold pieces at shops.


Innate Abilities, Weirdness & Mutations

You are immune to sickness and miasma.
Your stone body is resilient. (AC +8)
You are immune to poison.
You resist negative energy. (rN+)
You are resistant to electric shocks. (rElec)
You are resistant to unholy torment.
You are immune to petrification.
[You do not regenerate when monsters are visible.]
[You are very weak. (Str -4)]
[Potions cannot restore your health.]


   Skills:
 - Level 9.2(14.2) Fighting
 - Level 11.9(16.9) Axes
 - Level 1.9(6.9) Throwing
 - Level 7.0(12.0) Armour
 - Level 2.1(7.1) Dodging
 + Level 9.3(14.3) Shields
 + Level 5.8 Invocations


You had 11 spell levels left.
You didn't know any spells.
Your spell library was empty.

Inventory:

Hand Weapons
 u - a +2 morningstar of protection
 Y - a +2 war axe (weapon)
Armour
 a - a +0 helmet (worn)
 i - a +0 pair of gloves (worn)
 m - a +2 chain mail of willpower (worn)
 r - a scarf of repulsion (worn)
 s - a +0 plate armour
 t - the +2 pair of boots of the Kraken (worn) {rF+ Will+ Stlth+}
   (You found it on level 5 of the Dungeon)

   rF:        It protects you from fire.
   Will:      It increases your willpower.
   Stlth:     It makes you more stealthy.
 w - a +0 kite shield (worn)
Jewellery
 g - a +5 ring of evasion (left hand)
 h - a +4 ring of protection (right hand)
Wands
 l - a wand of digging (5)
Scrolls
 c - a scroll of noise {unknown}
 e - a scroll of teleportation
 o - 11 scrolls of identify
Potions
 b - a potion of lignification
 d - 3 potions of might
 f - 4 potions of haste
 j - 6 potions of curing
 k - 3 potions of heal wounds
 n - a potion of resistance
 p - 2 potions of attraction
 v - 2 potions of mutation

Dungeon Overview and Level Annotations

Branches:
Dungeon (10/15)            Temple (0/1) D:7            Lair (0/5) D:10
Ossuary (visited)
    Orc: D:9-12

Altars:
Ashenzari
Cheibriados
Fedhas
Kikubaaqudgha
Makhleb
Okawaru
Sif Muna
Trog
Yredelemnul

Shops:
D:7 [

Annotations:
D:8 2 runed translucent doors
D:10 Psyche


Message History

The starcursed mass is moderately damaged.
You barely miss the earth elemental.
You hit the earth elemental but do no damage.
The earth elemental hits you but does no damage.
A starcursed mass splits.
A bunyip zombie comes into view.
You hit the starcursed mass but do no damage.
The starcursed mass is moderately damaged.
You hit the earth elemental but do no damage. x2
You block the earth elemental's attack.
You hit the starcursed mass but do no damage.
The starcursed mass is moderately damaged.
You barely miss the earth elemental.
You hit the earth elemental but do no damage.
You block the starcursed mass's attack.
The earth elemental hits you but does no damage.
You slash the starcursed mass!
The starcursed mass is heavily damaged.
You slash the earth elemental!
You hit the starcursed mass but do no damage.
You hit the earth elemental but do no damage.
The starcursed mass shudders and is absorbed by its neighbour.
A starcursed mass splits.
The earth elemental misses you.
You hit the starcursed mass.
The starcursed mass is moderately damaged.
You hit the large abomination but do no damage.
You hit the earth elemental. You slash the earth elemental!
The starcursed mass shudders and is absorbed by its neighbour.
A small abomination comes into view.
The deep elf elementalist mumbles some strange words.
The deep elf elementalist seems to speed up.
The large abomination closely misses you.
The earth elemental hits you but does no damage.
You completely miss the earth elemental.
The earth elemental is heavily damaged.
You hit the large abomination but do no damage.
You hit the earth elemental.
A tentacled starspawn comes into view.
The large abomination hits you!!
You die...

#. ..# X## .
x. #... .
.##....
.#.#.....
#Z....... .
###5#..... .
#.XEE.#. . .
#..@#. . ..
#
#...X.......
..
##...##.....
###. ##...#
....
......(..
... .
.......#..#
~...
.......# ~ .
#........ .
#..#.....#


You could see a starcursed mass, a tentacled starspawn, a large abomination, 2
earth elementals, a small abomination, an ufetubus and a bunyip zombie.

Vanquished Creatures
  A fenstrider witch zombie (Abyss:2)
  2 two-headed ogres
  A wretched star (Abyss:2)
  Pikel (D:8)
  2 starcursed masses (Abyss:2)
  Joseph (D:7)
  A gargoyle (D:9)
  A hellwing (Abyss:2)
  A hornet (D:9)
  2 harpy skeletons (Abyss:2)
  A troll (D:9)
  2 wraiths (D:9)
  2 shadows
  A ynoxinul (Abyss:2)
  A wyvern (D:9)
  A yak (D:9)
  3 large abominations (Abyss:2)
  Grum (D:8)
  A small abomination (Abyss:2)
  2 water moccasins (D:8)
  2 ice beasts
  2 orc warriors (D:8)
  2 ogres
  A black bear (D:5)
  3 sky beasts
  4 centaurs
  4 lemures (D:8)
  4 wolves (D:8)
  A phantom (D:5)
  A kobold brigand (D:8)
  5 bullfrogs
  A gnoll sergeant (D:6)
  3 water moccasin zombies (Ossuary)
  7 scorpions
  9 wights
  21 killer bees
  An electric eel (D:8)
  2 howler monkeys
  7 hounds
  4 orc priests
  2 jellies
  2 gnoll boudas
  Ijyb (D:4)
  3 iguanas
  2 sleepcaps
  Natasha (D:2)
  13 orc wizards
  Terence (D:2)
  2 mummies (Ossuary)
  Robin (D:3)
  5 adders
  13 gnolls
  2 shadow imps (D:6)
  2 ufetubi (D:5)
  4 adder zombies (Ossuary)
  2 worms (D:2)
  5 dart slugs
  37 orcs
  7 ball pythons
  6 endoplasms
  3 giant cockroaches
  2 gnoll zombies (Ossuary)
  17 goblins
  7 hobgoblins
  4 jackals
  15 kobolds
  2 quokkas
  A bat (D:3)
  4 frilled lizards
  2 hobgoblin zombies (Ossuary)
  A kobold zombie (Ossuary)
  5 orc zombies (Ossuary)
  3 rats
289 creatures vanquished.

Vanquished Creatures (others)
  A goblin (D:8)
1 creature vanquished.

Grand Total: 290 creatures vanquished

Notes
Turn   | Place    | Note
-------+----------+-------------------------------------------
     0 | D:1      | qw the Gargoyle Fighter began the quest for the Orb.
     0 | D:1      | Reached XP level 1. HP: 14/14 MP: 1/1
     0 | D:1      | 0 ||| qw: Version: 0.2-a-29-gc1b59c4
     0 | D:1      | 0 ||| qw: Game counter: 4117
     0 | D:1      | 0 ||| qw: Always use a shield: true
     0 | D:1      | 0 ||| qw: God list: Okawaru
     0 | D:1      | 0 ||| qw: Allow faded altars: false
     0 | D:1      | 0 ||| qw: Do Orc after D:15 true
     0 | D:1      | 0 ||| qw: Do second Lair branch before Depths: true
     0 | D:1      | 0 ||| qw: Lair rune preference: random
     0 | D:1      | 0 ||| qw: Plans: Normal, Zot:1-4, Slime:5, God:TSO, Crypt,
                  | Tomb, Abyss, Pan, Hells, Win
     0 | D:1      | 0 ||| PLANNING D:1-11
    14 | D:1      | Reached skill level 2 in Axes
   267 | D:1      | Reached XP level 2. HP: 19/19 MP: 2/2
   552 | D:1      | 552 ||| UPGRADING to +0 pair of gloves.
   557 | D:1      | 557 ||| UPGRADING to +5 ring of evasion.
   558 | D:1      | 558 ||| READING scroll labelled BAISKOMOGGOUSH.
   559 | D:1      | 559 ||| DRINKING 2 amethyst potions.
   784 | D:2      | 784 ||| Stepping ~*~*~tactically~*~*~ (stealth).
   831 | D:2      | Reached skill level 3 in Axes
   844 | D:2      | Reached XP level 3. HP: 23/23 MP: 3/3
   846 | D:2      | 846 ||| Stepping ~*~*~tactically~*~*~ (hiding).
  1026 | D:2      | Identified the +0 leather armour "Dumyr" {Int+2}
  1048 | D:2      | Noticed Terence
  1052 | D:2      | 1052 ||| Stepping ~*~*~tactically~*~*~ (stealth).
  1059 | D:2      | Killed Terence
  1111 | D:2      | 1111 ||| DROPPING +0 mace.
  1200 | D:2      | Reached XP level 4. HP: 28/28 MP: 4/4
  1240 | D:2      | Noticed Natasha
  1247 | D:2      | Killed Natasha
  1248 | D:2      | Reached skill level 4 in Axes
  1487 | D:2      | 1487 ||| DROPPING +0 leather armour "Dumyr" {Int+2}.
  1488 | D:2      | 1488 ||| READING scroll labelled POOL YLEYF.
  1489 | D:2      | 1489 ||| READING scroll labelled XOFOCZU YCZOECONT.
  1541 | D:3      | 1541 ||| Stepping ~*~*~tactically~*~*~ (stealth).
  1545 | D:3      | 1545 ||| Stepping ~*~*~tactically~*~*~ (stealth).
  1601 | D:3      | Noticed Robin
  1602 | D:3      | 1602 ||| Stepping ~*~*~tactically~*~*~ (hiding).
  1603 | D:3      | 1603 ||| Stepping ~*~*~tactically~*~*~ (stealth).
  1633 | D:3      | Killed Robin
  1683 | D:3      | Found a burning altar of Makhleb.
  1699 | D:3      | Found an ancient bone altar of Kikubaaqudgha.
  1718 | D:3      | Reached XP level 5. HP: 31/32 MP: 5/5
  1949 | D:3      | 1949 ||| Stepping ~*~*~tactically~*~*~ (hiding).
  1951 | D:3      | 1951 ||| Stepping ~*~*~tactically~*~*~ (hiding).
  1952 | D:3      | 1952 ||| Stepping ~*~*~tactically~*~*~ (hiding).
  2256 | D:3      | 2256 ||| UPGRADING to +0 helmet.
  2261 | D:3      | 2261 ||| UPGRADING to +4 ring of protection.
  2262 | D:3      | 2262 ||| READING scroll labelled BOIZAECABOB.
  2263 | D:3      | 2263 ||| READING scroll labelled TAEZXUTAUS.
  2264 | D:3      | 2264 ||| DRINKING 2 purple potions.
  2265 | D:3      | 2265 ||| DROPPING potion of brilliance.
  2284 | D:4      | 2284 ||| PLANNING OSSUARY
  2318 | D:4      | 2318 ||| Stepping ~*~*~tactically~*~*~ (hiding).
  2429 | D:4      | 2429 ||| Stepping ~*~*~tactically~*~*~ (stealth).
  2448 | D:4      | Found a sand-covered staircase.
  2449 | D:4      | 2449 ||| UPGRADING to +0 chain mail.
  2459 | D:4      | 2459 ||| DROPPING +0 scale mail.
  2466 | Ossuary  | Entered an ossuary
  2532 | Ossuary  | Reached skill level 5 in Axes
  2594 | Ossuary  | Reached XP level 6. HP: 38/38 MP: 6/6
  2714 | Ossuary  | 2714 ||| READING scroll labelled JAPRUYL YRHING.
  2715 | Ossuary  | 2715 ||| READING scroll labelled ZANWIT XENN.
  2743 | Ossuary  | 2743 ||| DRINKING 3 sedimented red potions.
  2744 | Ossuary  | 2744 ||| DRINKING 4 orange potions.
  2745 | Ossuary  | 2745 ||| READING 2 scrolls of identify.
  2745 | Ossuary  | 2745 ||| IDENTIFYING glowing sapphire potion
  2754 | D:4      | 2754 ||| PLANNING D:1-11
  2780 | D:4      | 2780 ||| Stepping ~*~*~tactically~*~*~ (hiding).
  2794 | D:4      | Noticed an ice beast
  2795 | D:4      | 2795 ||| Stepping ~*~*~tactically~*~*~ (stealth).
  2796 | D:4      | 2796 ||| Stepping ~*~*~tactically~*~*~ (stealth).
  2797 | D:4      | 2797 ||| Stepping ~*~*~tactically~*~*~ (stealth).
  2814 | D:4      | Killed an ice beast
  2815 | D:4      | Reached skill level 6 in Axes
  2815 | D:4      | Reached XP level 7. HP: 43/43 MP: 7/7
  2830 | D:4      | 2830 ||| Stepping ~*~*~tactically~*~*~ (stealth).
  2848 | D:4      | 2848 ||| Stepping ~*~*~tactically~*~*~ (stealth).
  2887 | D:4      | 2887 ||| Stepping ~*~*~tactically~*~*~ (stealth).
  2923 | D:4      | Reached skill level 1 in Dodging
  2989 | D:4      | Noticed Ijyb
  2998 | D:4      | Paralysed by Ijyb for 5 turns
  3004 | D:4      | Killed Ijyb
  3025 | D:4      | 3025 ||| Stepping ~*~*~tactically~*~*~ (hiding).
  3026 | D:4      | 3026 ||| Stepping ~*~*~tactically~*~*~ (hiding).
  3028 | D:4      | 3028 ||| Stepping ~*~*~tactically~*~*~ (hiding).
  3096 | D:4      | Reached skill level 7 in Axes
  3380 | D:4      | 3380 ||| READING scroll labelled PANLA ZUNWYN.
  3381 | D:4      | 3381 ||| READING 3 scrolls of identify.
  3381 | D:4      | 3381 ||| IDENTIFYING sedimented ruby potion
  3382 | D:4      | 3382 ||| READING 2 scrolls of identify.
  3382 | D:4      | 3382 ||| IDENTIFYING puce potion
  3383 | D:4      | 3383 ||| DROPPING potion of degeneration.
  3419 | D:5      | Entered Level 5 of the Dungeon
  3434 | D:5      | 3434 ||| STAIRDANCE
  3532 | D:5      | Reached skill level 1 in Throwing
  3532 | D:5      | Reached XP level 8. HP: 48/49 MP: 8/8
  3685 | D:5      | 3685 ||| READING scroll of enchant weapon.
  3685 | D:5      | 3685 ||| ENCHANTING +1 war axe.
  3724 | D:5      | 3724 ||| Stepping ~*~*~tactically~*~*~ (hiding).
  3725 | D:5      | 3725 ||| Stepping ~*~*~tactically~*~*~ (hiding).
  3753 | D:5      | 3753 ||| Stepping ~*~*~tactically~*~*~ (hiding).
  3754 | D:5      | 3754 ||| Stepping ~*~*~tactically~*~*~ (hiding).
  3755 | D:5      | 3755 ||| Stepping ~*~*~tactically~*~*~ (hiding).
  3756 | D:5      | 3756 ||| Stepping ~*~*~tactically~*~*~ (hiding).
  3775 | D:5      | Reached skill level 8 in Axes
  3842 | D:5      | Found a blossoming altar of Fedhas.
  3947 | D:5      | 3947 ||| Stepping ~*~*~tactically~*~*~ (hiding).
  3948 | D:5      | 3948 ||| Stepping ~*~*~tactically~*~*~ (hiding).
  3951 | D:5      | 3951 ||| Stepping ~*~*~tactically~*~*~ (hiding).
  4078 | D:5      | Identified the +2 pair of boots of the Kraken {rF+ Will+
                  | Stlth+}
  4086 | D:5      | 4086 ||| Stepping ~*~*~tactically~*~*~ (stealth).
  4095 | D:5      | Reached skill level 6 in Fighting
  4136 | D:5      | 4136 ||| Stepping ~*~*~tactically~*~*~ (hiding).
  4246 | D:5      | 4246 ||| DROPPING +0 morningstar.
  4329 | D:5      | Reached XP level 9. HP: 56/56 MP: 9/9
  4359 | D:5      | Reached skill level 9 in Axes
  4448 | D:5      | 4448 ||| UPGRADING to +2 pair of boots of the Kraken {rF+
                  | Will+ Stlth+}.
  4453 | D:5      | 4453 ||| READING scroll labelled SINWUD WYJYCW.
  4454 | D:5      | 4454 ||| READING scroll labelled NEMPYAF IRHAI.
  4455 | D:5      | 4455 ||| READING scroll labelled SIEQONLEADD.
  4456 | D:5      | 4456 ||| READING 8 scrolls of identify.
  4456 | D:5      | 4456 ||| IDENTIFYING fuming golden potion
  4457 | D:5      | 4457 ||| READING 7 scrolls of identify.
  4457 | D:5      | 4457 ||| IDENTIFYING yellow potion
  4458 | D:5      | 4458 ||| DROPPING potion of enlightenment.
  4480 | D:6      | 4480 ||| Stepping ~*~*~tactically~*~*~ (hiding).
  4481 | D:6      | 4481 ||| Stepping ~*~*~tactically~*~*~ (hiding).
  4484 | D:6      | 4484 ||| Stepping ~*~*~tactically~*~*~ (hiding).
  4633 | D:6      | 4633 ||| Stepping ~*~*~tactically~*~*~ (hiding).
  4713 | D:6      | Found a broken altar of Ashenzari.
  4731 | D:6      | Found an iron altar of Okawaru.
  4732 | D:6      | 4732 ||| PLANNING OKAWARU WORSHIP
  4736 | D:6      | Became a worshipper of Warmaster Okawaru
  4736 | D:6      | 4736 ||| PLANNING D:1-11
  4984 | D:6      | 4984 ||| FLEEEEING.
  5484 | D:6      | 5484 ||| READING scroll labelled SAOBLA DATOA.
  5637 | D:7      | Reached * piety under Okawaru
  5651 | D:7      | Reached skill level 1 in Invocations
  5846 | D:7      | 5846 ||| INVOKING Heroism.
  5917 | D:7      | Found a staircase to the Ecumenical Temple.
  5953 | D:7      | Found Matugh's Armour Shoppe.
  5963 | D:7      | 5963 ||| BUYING +2 chain mail of willpower (236 gold).
  5963 | D:7      | Bought a +2 chain mail of willpower for 236 gold pieces
  5963 | D:7      | 5963 ||| SHOPLISTING +2 ring mail of fire resistance (231
                  | gold, have 77).
  5963 | D:7      | 5963 ||| SHOPLISTING +5 ring mail of Lewoda {rElec Str+5
                  | Int-2} (542 gold, have 77).
  6173 | D:7      | Reached skill level 10 in Axes
  6250 | D:7      | Noticed Joseph
  6266 | D:7      | 6266 ||| INVOKING Heroism.
  6268 | D:7      | HP: 5/57 [Joseph/+6 heavy quarterstaff (21)]
  6269 | D:7      | 6269 ||| READING 2 scrolls of teleportation.
  6270 | D:7      | 6270 ||| DRINKING 5 potions of heal wounds.
  6271 | D:7      | 6271 ||| DRINKING 4 potions of heal wounds.
  6272 | D:7      | Killed Joseph
  6273 | D:7      | Reached skill level 3 in Invocations
  6273 | D:7      | Reached XP level 10. HP: 24/63 MP: 9/12
  6423 | D:7      | 6423 ||| UPGRADING to +2 chain mail of willpower.
  6433 | D:7      | 6433 ||| DROPPING +0 chain mail.
  6434 | D:7      | 6434 ||| UPGRADING to scarf of repulsion.
  6439 | D:7      | 6439 ||| READING 8 scrolls of identify.
  6439 | D:7      | 6439 ||| IDENTIFYING lumpy emerald potion
  6503 | D:8      | 6503 ||| Stepping ~*~*~tactically~*~*~ (hiding).
  6508 | D:8      | 6508 ||| INVOKING Heroism.
  6517 | D:8      | Reached skill level 6 in Armour
  6595 | D:8      | Found a shimmering blue altar of Sif Muna.
  6638 | D:8      | 6638 ||| Stepping ~*~*~tactically~*~*~ (hiding).
  6640 | D:8      | Noticed a two-headed ogre
  6641 | D:8      | 6641 ||| INVOKING Heroism.
  6655 | D:8      | Killed a two-headed ogre
  6799 | D:8      | 6799 ||| INVOKING Heroism.
  6803 | D:8      | 6803 ||| Stepping ~*~*~tactically~*~*~ (stealth).
  6805 | D:8      | 6805 ||| Stepping ~*~*~tactically~*~*~ (stealth).
  6874 | D:8      | Noticed Grum
  6875 | D:8      | 6875 ||| INVOKING Heroism.
  6897 | D:8      | Killed Grum
  6908 | D:8      | Reached ** piety under Okawaru
  7028 | D:8      | Noticed Pikel
  7046 | D:8      | Killed Pikel
  7155 | D:8      | 7155 ||| Stepping ~*~*~tactically~*~*~ (stealth).
  7164 | D:8      | 7164 ||| Stepping ~*~*~tactically~*~*~ (stealth).
  7166 | D:8      | 7166 ||| INVOKING Heroism.
  7186 | D:8      | Found a basalt altar of Yredelemnul.
  7187 | D:8      | Found a snail-covered altar of Cheibriados.
  7235 | D:8      | Reached skill level 11 in Axes
  7251 | D:8      | Found a bloodstained altar of Trog.
  7284 | D:8      | Found a runed translucent door.
  7288 | D:8      | Found the +10 tower shield of Ignorance {rN+ Int-4}
  7304 | D:8      | Found a runed translucent door.
  7305 | D:8      | Noticed an orange crystal statue
  7673 | D:8      | 7673 ||| DROPPING ring of magical power.
  7756 | D:9      | 7756 ||| Stepping ~*~*~tactically~*~*~ (stealth).
  7815 | D:9      | 7815 ||| INVOKING Heroism.
  7822 | D:9      | Noticed a gargoyle
  7825 | D:9      | Reached skill level 9 in Fighting
  7830 | D:9      | Reached *** piety under Okawaru
  7831 | D:9      | Reached XP level 11. HP: 69/71 MP: 12/14
  7847 | D:9      | 7847 ||| INVOKING Heroism.
  7879 | D:9      | 7879 ||| INVOKING Heroism.
  7960 | D:9      | 7960 ||| Stepping ~*~*~tactically~*~*~ (stealth).
  7964 | D:9      | 7964 ||| Stepping ~*~*~tactically~*~*~ (stealth).
  7966 | D:9      | 7966 ||| Stepping ~*~*~tactically~*~*~ (stealth).
  7967 | D:9      | 7967 ||| Stepping ~*~*~tactically~*~*~ (stealth).
  7969 | D:9      | 7969 ||| INVOKING Heroism.
  8058 | D:9      | 8058 ||| Stepping ~*~*~tactically~*~*~ (stealth).
  8608 | D:9      | 8608 ||| UPGRADING to +0 kite shield.
  8618 | D:9      | 8618 ||| DROPPING +0 buckler.
  8621 | D:10     | Entered Level 10 of the Dungeon
  8838 | D:10     | Noticed a two-headed ogre
  8839 | D:10     | 8839 ||| INVOKING Heroism.
  8848 | D:10     | Killed a two-headed ogre
  8848 | D:10     | Reached **** piety under Okawaru
  8849 | D:10     | Reached skill level 6 in Shields
  8889 | D:10     | 8889 ||| Stepping ~*~*~tactically~*~*~ (hiding).
  8991 | D:10     | Found a staircase to the Lair.
  9118 | D:10     | Noticed Psyche
  9119 | D:10     | 9119 ||| INVOKING Heroism.
  9123 | Abyss:2  | Cast into level 2 of the Abyss (Psyche)
  9154 | Abyss:2  | 9154 ||| INVOKING Heroism.
  9189 | Abyss:2  | 9189 ||| Stepping ~*~*~tactically~*~*~ (stealth).
  9191 | Abyss:2  | 9191 ||| Stepping ~*~*~tactically~*~*~ (stealth).
  9276 | Abyss:2  | Noticed a starcursed mass
  9277 | Abyss:2  | 9277 ||| Stepping ~*~*~tactically~*~*~ (stealth).
  9278 | Abyss:2  | 9278 ||| Stepping ~*~*~tactically~*~*~ (stealth).
  9279 | Abyss:2  | 9279 ||| Stepping ~*~*~tactically~*~*~ (stealth).
  9287 | Abyss:2  | 9287 ||| INVOKING Heroism.
  9305 | Abyss:2  | Killed a starcursed mass
  9307 | Abyss:2  | Killed a starcursed mass
  9338 | Abyss:2  | 9338 ||| Stepping ~*~*~tactically~*~*~ (stealth).
  9339 | Abyss:2  | 9339 ||| INVOKING Heroism.
  9375 | Abyss:2  | 9375 ||| Stepping ~*~*~tactically~*~*~ (stealth).
  9385 | Abyss:2  | 9385 ||| INVOKING Heroism.
  9423 | Abyss:2  | 9423 ||| Stepping ~*~*~tactically~*~*~ (stealth).
  9427 | Abyss:2  | 9427 ||| Stepping ~*~*~tactically~*~*~ (stealth).
  9427 | Abyss:2  | Noticed a large abomination
  9428 | Abyss:2  | 9428 ||| Stepping ~*~*~tactically~*~*~ (stealth).
  9429 | Abyss:2  | 9429 ||| INVOKING Heroism.
  9440 | Abyss:2  | Killed a large abomination
  9440 | Abyss:2  | Received a gift from Okawaru
  9442 | Abyss:2  | Noticed a wretched star
  9445 | Abyss:2  | 9445 ||| Stepping ~*~*~tactically~*~*~ (hiding).
  9446 | Abyss:2  | 9446 ||| Stepping ~*~*~tactically~*~*~ (hiding).
  9447 | Abyss:2  | 9447 ||| Stepping ~*~*~tactically~*~*~ (stealth).
  9448 | Abyss:2  | 9448 ||| Stepping ~*~*~tactically~*~*~ (hiding).
  9449 | Abyss:2  | 9449 ||| Stepping ~*~*~tactically~*~*~ (hiding).
  9450 | Abyss:2  | 9450 ||| Stepping ~*~*~tactically~*~*~ (hiding).
  9454 | Abyss:2  | 9454 ||| INVOKING Heroism.
  9466 | Abyss:2  | Killed a wretched star
  9466 | Abyss:2  | Noticed a starcursed mass
  9467 | Abyss:2  | Reached skill level 9 in Shields
  9467 | Abyss:2  | Reached XP level 12. HP: 20/76 MP: 14/16
  9467 | Abyss:2  | HP: 17/76 [harpy skeleton (3)]
  9467 | Abyss:2  | Noticed a deep elf elementalist
  9468 | Abyss:2  | 9468 ||| READING 2 scrolls of teleportation.
  9476 | Abyss:2  | HP: 10/76 [starcursed mass/accursed screaming (5)]
  9482 | Abyss:2  | Noticed a tentacled starspawn
  9482 | Abyss:2  | Demolished by a large abomination

Levels and vault maps discovered:
D:1:      wander_arrival_desolate, layout_basic
D:2:      layout_loops_cross, minmay_liquid_box, uniq_natasha, uniq_terence
D:3:      layout_rooms, kiku_gazebo_pond_becter, bloody_makhleb,
          minmay_misc_feat_ornament, minmay_statues_item, amethyst_killhole,
          kennysheep_pointless_box, uniq_robin
D:4:      layout_loops_ring, nicolae_ossuary_entry_monument,
          kennysheep_decorative_pillar, nrook_campfire, uniq_ijyb
D:5:      layout_loops_cross, fedhas_bush_and_centaur_altar,
          minmay_joined_circles
D:6:      layout_loops_corners, mainiacjoe_overflow_catch_the_wave
D:7:      layout_cave_pods, minmay_temple_entry_mist, serial_shops,
          nicolae_shop_hallway_plus, uniq_joseph
D:8:      layout_basic, trog_hazing_becter, nicolae_overflow_squiral,
          nicolae_sif_muna_condensation, chequers_guarded_unrand_ignorance,
          uniq_pikel, uniq_grum
D:9:      layout_basic, minmay_alternating_orb
D:10:     layout_irregular_city, nicolae_overflow_crystal_walls,
          lair_entry_dummy, nicolae_trove_entry_diagonal,
          nicolae_nh_ransacked_shop, uniq_psyche
Abyss:2:  base:
D:7

Skill      XL: |  1  2  3  4  5  6  7  8  9 10 11 |
---------------+----------------------------------+-----
Axes           | 2 3 4 5 6 7 8 10 11 | 11.9
Fighting       | 4 5 6 7 9 |  9.2
Dodging        | 1 2 |  2.1
Throwing       | 1 |  1.9
Armour         | 4 5 6 7 |  7.0
Shields        | 4 5 9 |  9.3
Invocations    | 3 4 5 |  5.8

Action                     |  1- 3 |  4- 6 |  7- 9 | 10-12 || total
---------------------------+-------+-------+-------+-------++-------
  Melee: War axe           |    73 |   179 |   374 |   495 ||  1121
  Throw: Boomerang         |       |       |    57 |    49 ||   106
 Invoke: Heroism           |       |       |     2 |    17 ||    19
    Use: Scroll            |     1 |     7 |    11 |     2 ||    21
         Potion            |     1 |     3 |     2 |       ||     6
 Armour: Scale mail        |    19 |    37 |       |       ||    56
         Chain mail        |       |    31 |   199 |   253 ||   483
  Dodge: Dodged            |    45 |   106 |   222 |   306 ||   679
         Repelled          |       |       |       |     5 ||     5
  Block: Buckler           |    11 |    27 |    55 |    75 ||   168
         Kite shield       |       |       |       |    72 ||    72

Table legend:
 A = Non-vault XP
 B = Vault XP
 C = Vault XP percentage of total XP
 D = Non-vault monster count
 E = Vault monster count
 F = Vault count percentage of total count
                 A         B        C        D         E       F
            +---------+---------+-------+---------+---------+-------
      Total |   13481 |    5247 |  28.0 |     208 |      78 |  27.3
            +---------+---------+-------+---------+---------+-------
        D:1 |      11 |       0 |   0.0 |       6 |       0 |   0.0
        D:2 |      39 |      65 |  62.5 |      17 |       2 |  10.5
        D:3 |      45 |      34 |  43.0 |      18 |      11 |  37.9
        D:4 |     496 |      36 |   6.8 |      26 |       1 |   3.7
        D:5 |     692 |     870 |  55.7 |      20 |      17 |  45.9
        D:6 |     904 |       0 |   0.0 |      21 |       0 |   0.0
        D:7 |     931 |     471 |  33.6 |      22 |       1 |   4.3
        D:8 |    2086 |    1262 |  37.7 |      35 |      12 |  25.5
        D:9 |    1523 |    2193 |  59.0 |      21 |      15 |  41.7
       D:10 |    1386 |       0 |   0.0 |      10 |       0 |   0.0
    Abyss:2 |    5368 |       0 |   0.0 |      12 |       0 |   0.0
    Ossuary |       0 |     316 | 100.0 |       0 |      19 | 100.0
            +---------+---------+-------+---------+---------+-------
